 Dungeon Crawl Stone Soup version 0.30-a0-739-gea05faddec (webtiles) character file.

Game seed: 11187848542694690139

461 zdcfc the Chopper (level 7, 0/61 HPs)
             Began as a Hill Orc Berserker on Feb 4, 2023.
             Was a Believer of Trog.
             Slain by a kobold
             ... wielding a +0 short sword
              (3 damage)
             ... on level 4 of the Dungeon.
             The game lasted 00:24:31 (2850 turns).

zdcfc the Chopper (Hill Orc Berserker)              Turns: 2850, Time: 00:24:31

Health: 0/61       AC:  7    Str: 22    XL:     7   Next: 7%
Magic:  7/7        EV: 11    Int:  7    God:    Trog [**....]
Gold:   248        SH:  0    Dex: 10    Spells: 6/6 levels left

rFire   . . .      SeeInvis +    B - +2 flail (protect)
rCold   . . .      Faith    .    (no shield)
rNeg    . . .      Spirit   .    k - +0 ring mail
rPois   .          Reflect  .    (no helmet)
rElec   .          Harm     .    A - +0 cloak
rCorr   .          Rampage  .    (no gloves)
Will    .....                    (no boots) Stlth
                                 (no amulet)
HPRegen 0.30/turn                t - ring of see invisible
MPRegen 0.10/turn                (no ring)

@: no status effects
A: no striking features
a: Renounce Religion, Berserk, Trog's Hand


You were on level 4 of the Dungeon.
You worshipped Trog.
Trog was pleased with you.
You visited 1 branch of the dungeon, and saw 4 of its levels.

You collected 248 gold pieces.

Inventory:

Hand Weapons
 a - a +0 hand axe
 e - a +0 club
 f - a +0 dagger
 m - a +2 whip of electrocution
 B - a +2 flail of protection (weapon)
Missiles
 i - 41 stones (quivered)
Armour
 b - a +0 animal skin
 g - a +0 leather armour
 k - a +0 ring mail (worn)
 A - a +0 cloak (worn)
Jewellery
 t - a ring of see invisible (left hand)
 C - an amulet of reflection
Wands
 v - a wand of flame (11)
Scrolls
 c - 2 scrolls of fear {unknown}
 d - a scroll of teleportation {unknown}
 l - a scroll of blinking {unknown}
 o - 2 scrolls of silence {unknown}
 p - 2 scrolls of identify {unknown}
 q - a scroll of immolation {unknown}
 y - a scroll of vulnerability {unknown}
Potions
 h - 2 potions of heal wounds {unknown}
 j - 3 potions of might {unknown}
 n - a potion of brilliance {unknown}
 r - a potion of invisibility {unknown}
 s - a potion of mutation {unknown}
 u - a potion of curing {unknown}
 w - a potion of magic {unknown}
 x - a potion of resistance {unknown}
 z - a potion of lignification {unknown}


   Skills:
 + Level 5.0 Fighting
 + Level 5.2(6.1) Axes
 + Level 3.8(4.8) Maces & Flails
 + Level 0.1 Throwing
 + Level 4.5 Armour
 + Level 2.6 Dodging
 - Level 0.1 Stealth


You had 6 spell levels left.
You didn't know any spells.
Your spell library contained the following spells:

 Spells                   Type           Power      Damage    Failure   Level
 Beastly Appendage        Tmut           0%         N/A       58%         1
 Cigotuvi's Dreadful Rot  Necr/Pois/Air  0%         N/A       73%         2
 Poisonous Vapours        Pois/Air       0%         N/A       73%         2
 Wereblood                Tmut           0%         N/A       73%         2
 Mephitic Cloud           Conj/Pois/Air  0%         N/A       91%         3
 Spider Form              Tmut/Pois      0%         N/A       91%         3


Dungeon Overview and Level Annotations

Branches:
Dungeon (4/15)
 Temple: D:4-7

Altars:
Cheibriados
Uskayaw
Wu Jian

Annotations:
D:3 2 transporters, WasteTime5's ghost, weakling VSBr
D:4 Grinder


Message History

Grinder hits you but does no damage. The goblin hits you with a +0 club.
The kobold hits you but does no damage. The ogre hits you but does no damage.
You closely miss Grinder.
Grinder is moderately wounded.
Grinder closely misses you. The goblin barely misses you.
The kobold hits you with a +0 short sword.
The ogre hits you with a +0 giant spiked club!!
* * * LOW HITPOINT WARNING * * *
The kobold hits you but does no damage. The goblin hits you but does no damage.
Grinder gestures at you.
You struggle to resist.
The kobold attacks as you move away! The kobold barely misses you.
The goblin hits you but does no damage. Grinder hits you.
* * * LOW HITPOINT WARNING * * *
You writhe in agony.
* * * LOW HITPOINT WARNING * * *
The goblin misses you. The goblin attacks as you move away!
The goblin hits you with a +0 club.
* * * LOW HITPOINT WARNING * * *
The kobold attacks as you move away! The kobold barely misses you.
The goblin attacks as you move away! The goblin closely misses you.
The goblin attacks as you move away! The goblin hits you but does no damage.
The goblin attacks as you move away! The goblin hits you with a +0 club.
* * * LOW HITPOINT WARNING * * *
Grinder says, "DUCK!"
Grinder blinks!
The kobold attacks as you move away! The kobold closely misses you.
The goblin attacks as you move away! The goblin hits you with a +0 club.
* * * LOW HITPOINT WARNING * * *
The kobold attacks as you move away! The kobold hits you but does no damage.
Things that are here:
a +0 leather armour; the human corpse of Edmund The kobold barely misses you.
The kobold attacks as you move away! The kobold misses you.
The kobold attacks as you move away!
The kobold hits you with a +0 short sword.
* * * LOW HITPOINT WARNING * * *
There is a stone staircase leading up here.
The kobold hits you with a +0 short sword.
You die...

##....#............#
#####..............##########
# ###.....................# #
##.....†..............# #
##.).................# #
####.#.#....<.........# #
#.....................# .
#......#..............# ##
##........@...........#
##.......K...........#
##.....##.####.###### .._...
#.......g.....## ....
#.)#####O####..# # ...
##....####.####..#
.###.###...#.##..[#.....#
...#.#.#.###...O##..##..#
....[#....5....#...#...##


You could see an ogre, a goblin and a kobold.

Vanquished Creatures
  Edmund (D:4)
  Blork the orc (D:4)
  2 jellies (D:4)
  2 hounds
  Ijyb (D:3)
  5 adders
  2 river rats (D:3)
  2 worms
  3 dart slugs
  4 bats (D:1)
  7 endoplasms
  3 giant cockroaches
  4 goblins
  5 hobgoblins
  6 jackals
  3 quokkas
  7 ball pythons
  2 frilled lizards
  6 kobolds
  4 rats
70 creatures vanquished.

Notes
Turn   | Place    | Note
-------+----------+-------------------------------------------
     0 | D:1      | zdcfc the Hill Orc Berserker began the quest for the Orb.
     0 | D:1      | Reached XP level 1. HP: 19/19 MP: 1/1
   222 | D:1      | Reached XP level 2. HP: 22/27 MP: 2/2
   575 | D:1      | Reached XP level 3. HP: 26/33 MP: 3/3
   817 | D:2      | Reached skill level 5 in Axes
  1318 | D:2      | Reached XP level 4. HP: 22/40 MP: 4/4
  1647 | D:3      | Reached ** piety under Trog
  1648 | D:3      | Reached skill level 1 in Maces & Flails
  1691 | D:3      | Noticed WasteTime5's ghost (weakling VSBr)
  1692 | D:3      | Found a transporter.
  1723 | D:3      | Noticed Ijyb
  1730 | D:3      | Killed Ijyb
  1731 | D:3      | Reached XP level 5. HP: 44/47 MP: 5/5
  1747 | D:3      | Found a hide-covered altar of Uskayaw.
  1841 | D:3      | Found a faded altar of an unknown god.
  1884 | D:3      | Found a transporter.
  2032 | D:3      | Found a snail-covered altar of Cheibriados.
  2613 | D:4      | Reached XP level 6. HP: 53/53 MP: 6/6
  2646 | D:4      | Noticed Blork the orc
  2652 | D:4      | Killed Blork the orc
  2666 | D:4      | Noticed Edmund
  2681 | D:4      | Killed Edmund
  2682 | D:4      | Reached skill level 5 in Fighting
  2724 | D:4      | Reached XP level 7. HP: 61/61 MP: 7/7
  2813 | D:4      | Found an ornate altar of the Wu Jian Council.
  2816 | D:4      | Noticed Grinder
  2828 | D:4      | HP: 3/61 [Grinder (5)]
  2830 | D:4      | HP: 1/61 [goblin/+0 club (2)]
  2837 | D:4      | HP: 2/61 [goblin/+0 club (1)]
  2846 | D:4      | HP: 1/61 [kobold/+0 short sword (3)]
  2850 | D:4      | Slain by a kobold

Illustrated notes

Levels and vault maps discovered:
D:1:      dpeg_arrival_stonehenge_8_columns, layout_basic
D:2:      layout_basic, nicolae_underground_beach
D:3:      layout_basic, mainiacjoe_overflow_surrounded_room,
          nicolae_uskayaw_dance_hall, gammafunk_ghost_arena,
          gup_sewer_entry_spiral, ebering_ecumenical_altar_ruins, uniq_ijyb
D:4:      layout_rooms, led_sif_book, nzn_wu_jian_council_hall,
          kennysheep_small_circle, uniq_grinder, uniq_edmund, uniq_blork_the_orc

Skill      XL: |  1  2  3  4  5  6 |
---------------+-------------------+-----
Fighting       | 4 5 |  5.0
Axes           | 5 |  5.2
Dodging        | 2 |  2.6
Maces & Flails | 1 2 3 |  3.8
Armour         | 3 4 |  4.5
Throwing       | |  0.1
Stealth        | |  0.1

Action                     |  1- 3 |  4- 6 |  7- 9 || total
---------------------------+-------+-------+-------++-------
  Melee: Hand axe          |    31 |       |       ||    31
         Whip              |    62 |   115 |       ||   177
         Punch             |     2 |     1 |       ||     3
         Flail             |       |     9 |    12 ||    21
  Throw: Stone             |       |     4 |       ||     4
 Invoke: Berserk           |     1 |     1 |       ||     2
         Trog's Hand       |       |     1 |       ||     1
   Stab: Sleeping          |     1 |       |       ||     1
 Armour: Animal skin       |     6 |       |       ||     6
         Ring mail         |    11 |    35 |    15 ||    61
  Dodge: Dodged            |    54 |    76 |    19 ||   149

Table legend: (Time is in decaauts)
 A = Elapsed time spent in this place.
 B = Non-inter-level travel time spent in this place.
 C = Inter-level travel time spent in this place.
 D = Time resting spent in this place.
 E = Time spent auto-exploring this place.
 F = Levels seen in this place.
 G = Mean time per level.
                   A        B        C        D        E       F      G
               +--------+--------+--------+--------+--------+-----+--------+
         Total |   2904 |   2645 |    259 |    223 |   1028 |   4 |  726.0 |
       Dungeon |   2904 |   2645 |    259 |    223 |   1028 |   4 |  726.0 |
               +--------+--------+--------+--------+--------+-----+--------+

Top non-repeatable levels by time:
     D:2: 845 daAuts
     D:3: 842 daAuts
     D:1: 784 daAuts
     D:4: 431 daAuts
